 Dungeon Crawl Stone Soup version 0.28-a0-514-g0d7ab7f379 (webtiles) character file.

Game seed: 10062394531720187444

236882 speeev33 the Slayer (level 18, -1/194 HPs)
             Began as a Minotaur Hunter on Sept 22, 2021.
             Was the Champion of Okawaru.
             Slain by a guardian serpent (14 damage)
             ... on level 4 of the Snake Pit.
             The game lasted 01:19:16 (45003 turns).

speeev33 the Slayer (Minotaur Hunter)              Turns: 45003, Time: 01:19:25

Health: -1/194     AC: 23    Str: 20    XL:     18   Next: 95%
Magic:  0/22       EV:  5    Int:  8    God:    Okawaru [******]
Gold:   3302       SH:  0    Dex: 19    Spells: 17/17 levels left

rFire   + + .      SeeInvis .   b - +7 war axe of Ceoq {spect, rPois}
rCold   + + +      Faith    .   (no shield)
rNeg    . . .      Spirit   +   L - +1 plate armour {rC+}
rPois   +          Reflect  .   (helmet restricted)
rElec   +          Harm     .   o - scarf {rC+ rF+}
rCorr   .          Rampage  .   l - +0 pair of gloves {Dex+3}
Will    ++...      NoTele   +   Q - +1 pair of boots {Fly}
Stlth   ..........              H - amulet of Risopob {Spirit rElec rC+++ Dex-2 Stlth+}
HPRegen 0.42/turn               p - ring of protection from fire
MPRegen 0.18/turn               f - ring "Wuireul" {Will+ Dex+2}

@: lethally poisoned (-1 -> -21), untranslocatable, flying, constricted
A: horns 2, retaliatory headbutt
}: 1/15 runes: barnacled
a: Renounce Religion, Heroism, Finesse, Duel


You were on level 4 of the Snake Pit.
You worshipped Okawaru.
Okawaru was exalted by your worship.
You visited 6 branches of the dungeon, and saw 32 of its levels.
You also visited: Ossuary.

You collected 3594 gold pieces.
You spent 292 gold pieces at shops.

Inventory:

Hand Weapons
 a - the +11 longbow "Atoshree" {venom, rPois rN+ Str-2 Dex+6}
   (You acquired it on level 1 of the Dungeon)

   Any ammunition fired from it poisons the flesh of those it strikes.
   Str:       It affects your strength (-2).
   Dex:       It affects your dexterity (+6).
   rPois:     It protects you from poison.
   rN:        It protects you from negative energy.
 b - the +7 war axe of Ceoq (weapon) {spect, rPois}
   (You found it on level 10 of the Dungeon)

   When its wielder attacks, the weapon's spirit leaps out and strikes again.
   The spirit shares a part of any damage it takes with its wielder.
   rPois:     It protects you from poison.
Missiles
 d - 635 sling bullets
 g - 1426 stones (quivered)
 i - 137 arrows
 W - 4 throwing nets
Armour
 l - a +0 pair of gloves of dexterity (worn)
 o - a scarf of resistance (worn)
 L - a +1 plate armour of cold resistance (worn)
 Q - a +1 pair of boots of flying (worn)
 U - the +0 kite shield of the Date {-Cast rC+++ rN++ Int-5}
   (Okawaru gifted it to you on level 2 of the Snake Pit)

   Int:       It affects your intelligence (-5).
   rC:        It renders you almost immune to cold.
   rN:        It greatly protects you from negative energy.
   -Cast:     It prevents spellcasting.
Jewellery
 c - a +6 ring of intelligence
 e - a +6 ring of dexterity
 f - the ring "Wuireul" (right hand) {Will+ Dex+2}
   (You took it off an orc knight on level 11 of the Dungeon)

   [ring of willpower]

   Dex:       It affects your dexterity (+2).
   Will:      It increases your willpower.
 p - a ring of protection from fire (left hand)
 x - the ring of Pocoroq {rF- rC+ Will+ Int+3 Dex+8}
   (You took it off a merfolk siren on level 4 of the Shoals)

   [ring of protection from cold]

   Int:       It affects your intelligence (+3).
   Dex:       It affects your dexterity (+8).
   rF:        It makes you vulnerable to fire.
   rC:        It protects you from cold.
   Will:      It increases your willpower.
 A - a ring of protection from cold
 F - the ring "Yxtee" {Ice *Slow Str+2 Int+3}
   (You found it on level 11 of the Dungeon)

   [ring of ice]

   It enhances your ice magic.
   Str:       It affects your strength (+2).
   Int:       It affects your intelligence (+3).
   rF:        It makes you vulnerable to fire.
   rC:        It protects you from cold.
   *Slow:     It may slow you when you take damage.
 G - the ring "Dofiacre" {Ice Dex+4}
   (You found it on level 11 of the Dungeon)

   [ring of ice]

   It enhances your ice magic.
   Dex:       It affects your dexterity (+4).
   rF:        It makes you vulnerable to fire.
   rC:        It protects you from cold.
 H - the amulet of Risopob (around neck) {Spirit rElec rC+++ Dex-2 Stlth+}
   (You took it off an ogre mage on level 11 of the Dungeon)

   [amulet of guardian spirit]

   It causes incoming damage to be divided between your reserves of health and
   magic.
   Dex:       It affects your dexterity (-2).
   rC:        It renders you almost immune to cold.
   rElec:     It insulates you from electricity.
   Stlth:     It makes you more stealthy.
 J - an amulet of reflection
 P - a +4 ring of evasion
Wands
 q - a wand of paralysis (10)
 y - a wand of polymorph (40)
 z - a wand of flame (85)
 N - a wand of acid (17)
 R - a wand of mindburst (10)
 S - a wand of iceblast (33)
Scrolls
 h - 10 scrolls of amnesia
 m - 14 scrolls of identify
 u - 5 scrolls of enchant armour
 D - a scroll of fog
 I - 5 scrolls of immolation
 O - 6 scrolls of teleportation
 V - a scroll of fear
 X - a scroll of enchant weapon
 Y - 2 scrolls of magic mapping
Potions
 j - 5 potions of attraction
 k - 2 potions of degeneration
 n - 7 potions of brilliance
 r - 2 potions of ambrosia
 s - 3 potions of haste
 t - 5 potions of invisibility
 v - 4 potions of resistance
 w - 5 potions of curing
 B - a potion of mutation
 C - 2 potions of berserk rage
 E - 5 potions of heal wounds
 K - 7 potions of might
 M - 5 potions of lignification
 T - 2 potions of flight


   Skills:
 + Level 25.4 Fighting
 + Level 12.5 Axes
 - Level 4.6 Slings
 - Level 20.0 Bows
 - Level 17.8 Armour
 - Level 2.1 Dodging
 - Level 0.7 Stealth
 + Level 7.7 Shields
 - Level 7.0 Invocations


You had 17 spell levels left.
You didn't know any spells.
Your spell library contained the following spells:

 Spells                   Type           Power      Damage    Failure   Level
 Foxfire                  Conj/Fire      0%         2x1d4     98%         1
 Magic Dart               Conj           0%         1d3       98%         1
 Pain                     Necr           0%         1d4       98%         1
 Blink                    Tloc           N/A        N/A       99%         2
 Corpse Rot               Necr/Air       N/A        N/A       99%         2
 Passwall                 Tmut/Erth      0%         N/A       99%         2
 Poisonous Vapours        Pois/Air       0%         N/A       99%         2
 Slow                     Hex            0%         N/A       99%         2
 Static Discharge         Conj/Air       0%         N/A       99%         2
 Sublimation of Blood     Necr           0%         N/A       99%         2
 Wereblood                Tmut           0%         N/A       99%         2
 Confusing Touch          Hex            0%         N/A       100%        3
 Conjure Flame            Conj/Fire      0%         6-21      100%        3
 Gell's Gravitas          Tloc           0%         N/A       100%        3
 Ignite Poison            Fire/Tmut/Pois 0%         N/A       100%        3
 Inner Flame              Hex/Fire       0%         N/A       100%        3
 Lesser Beckoning         Tloc           0%         N/A       100%        3
 Mephitic Cloud           Conj/Pois/Air  0%         N/A       100%        3
 Portal Projectile        Hex/Tloc       0%         N/A       100%        3
 Stone Arrow              Conj/Erth      0%         3d7       100%        3
 Swiftness                Air            0%         N/A       100%        3
 Teleport Other           Tloc           0%         N/A       100%        3
 Flame Wave               Conj/Fire      0%         3d3       100%        4
 Hailstorm                Conj/Ice       0%         3d3       100%        4
 Ice Form                 Ice/Tmut       0%         N/A       100%        4
 Leda's Liquefaction      Hex/Erth       0%         N/A       100%        4
 Passage of Golubria      Tloc           N/A        N/A       100%        4
 Sticky Flame             Conj/Fire      0%         2d3       100%        4
 Agony                    Necr           0%         N/A       100%        5
 Blade Hands              Tmut           0%         N/A       100%        5
 Excruciating Wounds      Necr           0%         N/A       100%        5
 Fireball                 Conj/Fire      0%         3d3       100%        5
 Freezing Cloud           Conj/Ice/Air   0%         6-21      100%        5
 Manifold Assault         Tloc           0%         N/A       100%        5
 Yara's Violent Unravell  Hex/Tmut       0%         3d3       100%        5
 Invisibility             Hex            0%         N/A       100%        6
 Iron Shot                Conj/Erth      0%         9d1       100%        6
 Starburst                Conj/Fire      0%         6d3       100%        6
 Storm Form               Tmut/Air       0%         N/A       100%        7
 Ignition                 Fire           0%         3d3       100%        8
 Lehudib's Crystal Spear  Conj/Erth      0%         10d2      100%        8
 Call Imp                 Summ           Unusable   N/A       N/A         2
 Call Canine Familiar     Summ           Unusable   N/A       N/A         3
 Tukima's Dance           Hex            Unusable   N/A       N/A         3
 Animate Armour           Summ/Erth      Unusable   N/A       N/A         4
 Simulacrum               Ice/Necr       Unusable   N/A       N/A         6
 Summon Hydra             Summ           Unusable   N/A       N/A         7

Dungeon Overview and Level Annotations

Branches:
Dungeon (15/15)            Temple (1/1) D:6            Lair (6/6) D:11
 Shoals (4/4) Lair:2        Snake (4/4) Lair:3        Slime (0/5) Lair:6
    Orc (2/2) D:9             Elf (0/3) Orc:2        Vaults (0/5) D:14
 Depths (0/4) D:15        Ossuary (visited)

Altars:
Ashenzari
Cheibriados
Dithmenos
Fedhas
Kikubaaqudgha
Okawaru
Qazlal
Ru
Sif Muna
Trog
Vehumet
Yredelemnul
Zin
The Shining One
Beogh

Shops:
D:5 (   D:7 *   D:9 =   D:13 (   Orc:2 ([(=   Shoals:3 (   Snake:2 =*
Snake:3 ****

Annotations:
D:4 1 runed translucent door, Dittersdorf's ghost, amateur GrFi
D:12 1 runed translucent door, Acvun's ghost, journeyman GnMo
D:14 1 runed translucent door
Lair:1 2 transporters, krigyl's ghost, journeyman HuFE
Shoals:1 2 transporters, Mionokh's ghost, adept HOMo


Innate Abilities, Weirdness & Mutations

You have a pair of horns on your head.
You reflexively headbutt those who attack you in melee.


Message History

The nagaraja constricts you.
The salamander mystic hits you but does no damage.
The naga spits poison at you.
The splash of poison hits you but does no damage.
You resist.
The nagaraja hits you but does no damage.
The naga warrior spits poison at you.
The splash of poison hits you but does no damage.
You resist.
The guardian serpent coils itself and waves its upper body at you.
The nagaraja hits you with a +0 spear. The nagaraja constricts you.
You continue putting on the +0 kite shield of the Date {-Cast rC+++ rN++ Int-5}.
You feel very sick.
The nagaraja hits you with a +1 whip of venom!!
The salamander mystic casts a spell at the naga warrior.
The naga warrior seems to speed up.
The naga completely misses you. You furiously retaliate!
You headbutt the naga! The guardian serpent hits you!
The nagaraja hits you but does no damage.
The nagaraja constricts you.
The naga warrior hits you with a +0 dire flail!
* * * LOW HITPOINT WARNING * * *
The nagaraja casts a spell at you. The poison arrow hits you!!
You are more poisoned.
You partially resist.
* * * LOW HITPOINT WARNING * * *
You continue putting on the +0 kite shield of the Date {-Cast rC+++ rN++ Int-5}.
* * * LOW HITPOINT WARNING * * *
You feel extremely sick.
The guardian serpent casts a spell at you.
The nagaraja hits you with a +0 spear!
* * * LOW HITPOINT WARNING * * *
The nagaraja constricts you.
The naga warrior hits you but does no damage.
The salamander mystic hits you but does no damage.
The naga hits you with a +0 scimitar!
* * * LOW HITPOINT WARNING * * *
The nagaraja points at you and mumbles some strange words.
You feel firmly anchored in space. The guardian serpent hits you!
You die...
N(

.. ## .(( ..( ###.##...( ..(.
......##..(# #.(.##. ......##..(#
#.(.##.. ......##..(# #(.(##.. ..
#####......##..S##(()##.. #..
#.#.#.##....##.N@N.(##.## ##...
...<.N.#(.(..##NNN(##...####.....
#)#.#N#...((####)'##.............
...[)....((((.().................
#.#.#.#####..)).##..###........#
.......# ##......### ###.....##
#.#.#)## ##.....## ##....##
....)))####......#########.....#.
..###....()..#...................


You could see a naga warrior (fast, catching breath), 3 nagarajas, a salamander
mystic (strong), a guardian serpent (very poisoned) and a naga (strong).

Vanquished Creatures
  Bai Suzhen (Snake:3)
  Vashnia (Arena)
  Jorgrun (Shoals:1)
  Kirke (Snake:3)
  Donald (Shoals:3)
  5 nagarajas
  Ilsuiw (Shoals:2)
  A fire giant (D:15)
  Louise (Shoals:4)
  2 orc warlords (Orc:2)
  Aizul (Shoals:1)
  Nessos (D:13)
  Azrael (Snake:3)
  An ettin (Orc:2)
  4 merfolk javelineers
  Josephine (D:15)
  6 merfolk impalers
  2 fire dragons
  5 boulder beetles
  9 hydras
  15 naga warriors
  A rakshasa (D:10)
  A salamander tyrant (Snake:4)
  3 catoblepae
  Harold (Orc:1)
  A vault guard (D:14)
  An alligator snapping turtle (Shoals:4)
  4 ogre magi
  5 merfolk aquamancers
  2 death knights (D:14)
  7 satyrs
  2 centaur warriors (D:15)
  13 anacondas
  A deep troll shaman (Lair:6)
  2 two-headed ogres
  2 merfolk avatars (Shoals:4)
  16 death yaks
  2 tengu warriors (D:15)
  Urug (Lair:6)
  18 naga sharpshooters
  2 orc high priests
  3 shock serpents
  3 salamander mystics (Snake:4)
  13 sea snakes
  3 skeletal warriors
  A fire crab (shapeshifter) (D:15)
  A lindwurm (Lair:6)
  4 orc knights
  7 naga ritualists
  Pikel (D:8)
  4 deep elf pyromancers
  2 oklob plants (Shoals:4)
  13 mana vipers
  3 orc sorcerers
  23 fauns
  23 harpies
  7 cyclopes
  20 salamanders
  18 manticores
  21 ugly things
  8 elephants
  47 black mambas
  7 guardian serpents
  23 naga magi
  3 water nymphs
  9 merfolk sirens
  Joseph (D:9)
  3 gargoyles
  An unseen horror (shapeshifter) (D:14)
  Maurice (Orc:1)
  17 cane toads
  2 unseen horrors
  Maggie (D:9)
  4 rime drakes
  14 komodo dragons
  An efreet (D:10)
  2 ice devils (D:13)
  2 tengu conjurers
  6 trolls
  A meliai (shapeshifter) (D:11)
  2 polar bears (Lair:6)
  A hornet (Lair:3)
  16 blink frogs
  8 wind drakes
  22 merfolk
  6 snapping turtles
  17 slime creatures
  8 dream sheep
  2 shadows
  Sigmund (D:6)
  A spriggan (shapeshifter) (D:13)
  7 wraiths
  7 water elementals
  3 wyverns
  12 basilisks
  6 hogs (Snake:3)
  4 fire elementals (Snake:3)
  6 vampire mosquitoes
  41 yaks
  A warg (Orc:2)
  38 nagas
  2 acid dragons (D:9)
  19 water moccasins
  4 hell hounds (Snake:3)
  A sky beast (D:6)
  A hornet zombie (D:7)
  17 black bears
  41 orc warriors
  An ice beast (D:4)
  4 ogres
  2 necrophages (D:4)
  28 wolves
  A phantom (D:5)
  4 centaurs
  A boggart (D:10)
  4 lemures (D:8)
  Blork the orc (D:4)
  3 kobold brigands
  A gnoll sergeant (Orc:2)
  15 bullfrogs
  A water moccasin zombie (D:4)
  2 scorpions
  4 jellies
  8 killer bees
  A water moccasin skeleton (D:7)
  5 howler monkeys
  5 wights
  2 electric eels (D:9)
  6 centaur zombies
  2 bullfrog zombies (D:5)
  3 human zombies
  A gnoll shaman (D:5)
  19 orc priests
  A bullfrog skeleton (D:4)
  3 centaur skeletons
  2 iguanas
  32 orc wizards
  2 scorpion zombies (D:4)
  3 hell rats (D:11)
  2 killer bee zombies
  6 mummies
  A howler monkey skeleton (D:7)
  16 gnolls
  7 adders
  3 shadow imps
  A white imp (D:8)
  An ufetubus (D:6)
  An adder zombie (D:4)
  2 worms (D:3)
  3 adder skeletons
  2 dart slugs
  121 orcs
  4 ball pythons
  8 endoplasms
  3 giant cockroaches
  2 gnoll zombies (Ossuary)
  7 goblins
  10 hobgoblins
  6 jackals (D:2)
  6 quokkas
  A bat (D:1)
  3 frilled lizards
  A goblin zombie (Ossuary)
  4 hobgoblin zombies (Ossuary)
  22 kobolds
  4 orc zombies (Ossuary)
  7 rats
1184 creatures vanquished.

Vanquished Creatures (others)
  A centaur warrior (D:10)
  An orc (Orc:1)
  30 fungi
  310 plants
  4 toadstools (D:15)
346 creatures vanquished.

Grand Total: 1530 creatures vanquished

Notes
Turn   | Place    | Note
-------+----------+-------------------------------------------
     0 | D:1      | speeev33 the Minotaur Hunter began the quest for the Orb.
     0 | D:1      | Reached XP level 1. HP: 18/18 MP: 0/0
   234 | D:1      | Reached skill level 1 in Armour
   312 | D:1      | Reached XP level 2. HP: 25/25 MP: 1/1
   427 | D:1      | Identified a scroll of acquirement
   427 | D:1      | Acquired the +11 longbow "Atoshree" {venom, rPois rN+ Str-2
                  | Dex+6}
   524 | D:1      | Reached skill level 3 in Fighting
   841 | D:2      | Reached XP level 3. HP: 31/31 MP: 2/2
   865 | D:2      | Reached skill level 1 in Bows
  1435 | D:3      | Reached XP level 4. HP: 39/39 MP: 3/3
  1822 | D:4      | Acquired a +0 pair of gloves of dexterity
  1913 | D:4      | Reached skill level 4 in Fighting
  1913 | D:4      | Reached XP level 5. HP: 43/46 MP: 4/4
  2047 | D:4      | Noticed Blork the orc
  2050 | D:4      | Killed Blork the orc
  2125 | D:4      | Noticed an ice beast
  2128 | D:4      | Killed an ice beast
  2129 | D:4      | Reached XP level 6. HP: 53/53 MP: 5/5
  2208 | D:4      | Found a runed translucent door.
  2208 | D:4      | Noticed Dittersdorf's ghost (amateur GrFi)
  2283 | D:4      | Found an ancient bone altar of Kikubaaqudgha.
  2412 | D:4      | Reached skill level 5 in Fighting
  2443 | D:4      | Reached skill level 5 in Bows
  2443 | D:4      | Reached XP level 7. HP: 61/61 MP: 6/6
  2518 | D:4      | Reached skill level 5 in Armour
  2523 | D:4      | Found a basalt altar of Yredelemnul.
  2736 | D:5      | Entered Level 5 of the Dungeon
  2931 | D:5      | Reached skill level 6 in Fighting
  3117 | D:5      | Found a broken altar of Ashenzari.
  3126 | D:5      | Reached XP level 8. HP: 57/70 MP: 7/7
  3226 | D:5      | Found a sand-covered staircase.
  3235 | Ossuary  | Entered an ossuary
  3813 | D:5      | Found Qor Lilaka's Antique Weapon Shoppe.
  4105 | D:5      | Reached skill level 7 in Fighting
  4753 | D:6      | Noticed Sigmund
  4756 | D:6      | Killed Sigmund
  4763 | D:6      | Found a staircase to the Ecumenical Temple.
  4782 | Temple   | Entered the Ecumenical Temple
  4852 | Temple   | Became a worshipper of Warmaster Okawaru
  5008 | D:6      | Reached XP level 9. HP: 79/79 MP: 8/8
  5137 | D:6      | Found a blossoming altar of Fedhas.
  5877 | D:7      | Reached skill level 8 in Fighting
  6288 | D:7      | Found Wiero's Mayhem Merchandise.
  6562 | D:8      | Found a glowing silver altar of Zin.
  6562 | D:8      | Found a sacrificial altar of Ru.
  6602 | D:8      | Noticed a two-headed ogre
  6607 | D:8      | Killed a two-headed ogre
  6607 | D:8      | Reached * piety under Okawaru
  6608 | D:8      | Reached skill level 10 in Bows
  6672 | D:8      | Reached ** piety under Okawaru
  7010 | D:8      | Reached skill level 9 in Fighting
  7249 | D:8      | Reached XP level 10. HP: 71/91 MP: 9/9
  7334 | D:8      | Noticed Pikel
  7339 | D:8      | Killed Pikel
  7761 | D:9      | Found a snail-covered altar of Cheibriados.
  8044 | D:9      | Reached *** piety under Okawaru
  8142 | D:9      | Noticed Maggie
  8390 | D:9      | Killed Maggie
  8798 | D:9      | Found a staircase to the Orcish Mines.
  8992 | D:9      | Found Kofah's Jewellery Emporium.
  9061 | D:9      | Noticed Joseph
  9067 | D:9      | Killed Joseph
  9068 | D:9      | Reached skill level 10 in Fighting
  9170 | D:9      | Found a glowing golden altar of the Shining One.
  9207 | D:9      | Reached **** piety under Okawaru
  9256 | D:10     | Entered Level 10 of the Dungeon
  9256 | D:10     | Noticed a cyclops
  9262 | D:10     | Noticed a centaur warrior
  9264 | D:10     | Killed a cyclops
  9265 | D:10     | Reached skill level 10 in Armour
  9269 | D:10     | Reached ***** piety under Okawaru
  9270 | D:10     | Killed a centaur warrior
  9332 | D:10     | Reached XP level 11. HP: 90/101 MP: 10/10
  9399 | D:10     | Identified the +7 war axe of Ceoq {spect, rPois}
  9421 | D:10     | Noticed an orc knight
  9439 | D:10     | Received a gift from Okawaru
  9455 | D:10     | Killed an orc knight
  9661 | D:10     | Noticed an ogre mage
  9799 | D:10     | Found a shimmering blue altar of Sif Muna.
  9913 | D:10     | Paralysed by something for 4 turns
  9920 | D:10     | Killed an ogre mage
  9920 | D:10     | Received a gift from Okawaru
  9955 | D:10     | Noticed an orc knight
  9955 | D:10     | Noticed a rakshasa
 10200 | D:10     | Reached skill level 11 in Fighting
 10241 | D:10     | Killed a rakshasa
 10350 | D:10     | Killed an orc knight
 10350 | D:10     | Received a gift from Okawaru
 10662 | D:10     | Got the Catalogue of Unholy Flight
 11142 | D:11     | Noticed a two-headed ogre
 11168 | D:11     | Killed a two-headed ogre
 11617 | D:11     | Noticed a death yak
 11619 | D:11     | Noticed a death yak
 11623 | D:11     | Noticed a death yak
 11634 | D:11     | Killed a death yak
 11635 | D:11     | Reached skill level 1 in Axes
 11639 | D:11     | Killed a death yak
 11647 | D:11     | Killed a death yak
 11649 | D:11     | Reached skill level 12 in Fighting
 11891 | D:11     | Noticed a skeletal warrior
 11901 | D:11     | Killed a skeletal warrior
 11973 | D:11     | Found a staircase to the Lair.
 12066 | D:11     | Found a runed translucent door.
 12070 | D:11     | Reached XP level 12. HP: 112/112 MP: 11/11
 12096 | D:11     | Noticed a four-headed hydra
 12116 | D:11     | Identified the ring "Yxtee" {Ice *Slow Str+2 Int+3}
 12117 | D:11     | Reached skill level 15 in Bows
 12492 | D:11     | Killed a four-headed hydra
 13118 | D:11     | Identified the ring "Wuireul" {Will+ Dex+2}
 13245 | D:11     | Received a gift from Okawaru
 13368 | D:11     | Identified the ring "Dofiacre" {Ice Dex+4}
 13390 | D:11     | Reached skill level 5 in Axes
 13655 | D:11     | Identified the amulet of Risopob {Spirit rElec rC+++ Dex-2
                  | Stlth+}
 13708 | Lair:1   | Entered Level 1 of the Lair of Beasts
 13759 | Lair:1   | Found a transporter.
 13768 | Lair:1   | Noticed a four-headed hydra
 13771 | Lair:1   | Noticed krigyl's ghost (journeyman HuFE)
 13816 | Lair:1   | Reached skill level 13 in Fighting
 13917 | Lair:1   | Found a transporter.
 13971 | Lair:1   | Received a gift from Okawaru
 14336 | Lair:1   | Noticed a seven-headed hydra
 14340 | Lair:1   | Killed a seven-headed hydra
 14484 | Lair:1   | Identified the +4 ring mail of Evil {Int-2 Dex+4} (Okawaru
                  | gifted it to you on level 1 of the Lair of Beasts)
 14484 | Lair:1   | Received a gift from Okawaru
 14485 | Lair:1   | Reached XP level 13. HP: 122/122 MP: 12/12
 14980 | Lair:2   | Reached ****** piety under Okawaru
 15036 | Lair:2   | Found a staircase to the Shoals.
 15531 | Lair:2   | Reached skill level 14 in Fighting
 16583 | Lair:3   | Received a gift from Okawaru
 16674 | Lair:3   | Identified the +1 longbow of Itiasiome {speed, rC+ Stlth+}
                  | (Okawaru gifted it to you on level 3 of the Lair of Beasts)
 16674 | Lair:3   | Received a gift from Okawaru
 16706 | Lair:3   | You fall into a shaft and drop 2 floors!
 17232 | Lair:3   | Found a staircase to the Snake Pit.
 18129 | Lair:4   | Reached XP level 14. HP: 133/133 MP: 13/13
 18406 | Lair:4   | Reached skill level 15 in Fighting
 18715 | Lair:5   | Received a gift from Okawaru
 18966 | Lair:5   | Received a gift from Okawaru
 18974 | Lair:5   | HP: 2/135 [death yak (14)]
 19456 | Lair:5   | Received a gift from Okawaru
 19679 | Lair:5   | Received a gift from Okawaru
 20057 | Lair:5   | Identified the +7 dagger "Tasisay" {antimagic, rPois rF+
                  | Dex+2 Stlth+}
 20274 | Lair:6   | Entered Level 6 of the Lair of Beasts
 20286 | Lair:6   | Received a gift from Okawaru
 20348 | Lair:6   | Noticed Urug
 20355 | Lair:6   | Killed Urug
 20516 | Lair:6   | Identified the +7 short sword of Bimuduow {elec, rPois rC+
                  | Str+4 Stlth-}
 20654 | Lair:6   | Found a staircase to the Slime Pits.
 20741 | Lair:6   | Reached skill level 16 in Fighting
 21150 | Lair:6   | Received a gift from Okawaru
 21151 | Lair:6   | Reached skill level 17 in Fighting
 21819 | Orc:1    | Entered Level 1 of the Orcish Mines
 21828 | Orc:1    | Received a gift from Okawaru
 21989 | Orc:1    | Noticed Harold
 21996 | Orc:1    | Killed Harold
 22231 | Orc:2    | Entered Level 2 of the Orcish Mines
 22354 | Orc:1    | Reached XP level 15. HP: 110/147 MP: 14/14
 22860 | Orc:2    | Found a staircase to the Elven Halls.
 22987 | Orc:2    | Found Plog's Weapon Shoppe.
 23067 | Orc:2    | Reached skill level 18 in Fighting
 23939 | Orc:2    | Found Guekeg's Antique Weapon Shop.
 23942 | Orc:2    | Found Hockugoc's Antique Armour Boutique.
 24090 | Orc:2    | Found Siumugih's Jewellery Boutique.
 24380 | Orc:1    | Noticed Maurice
 24388 | Orc:1    | Killed Maurice
 24735 | D:12     | Reached skill level 19 in Fighting
 24914 | D:12     | Received a gift from Okawaru
 25367 | D:12     | Found a runed translucent door.
 25367 | D:12     | Noticed Acvun's ghost (journeyman GnMo)
 25518 | D:13     | Received a gift from Okawaru
 25633 | D:13     | Found Gebi's Weapon Boutique.
 25768 | D:13     | You are sucked into a shaft and drop 1 floor!
 25838 | D:14     | Reached skill level 20 in Fighting
 25965 | D:14     | Reached skill level 1 in Invocations
 26024 | D:14     | Found a runed translucent door.
 26505 | D:14     | Found a gate to the Vaults.
 26968 | D:13     | You are sucked into a shaft and drop 1 floor!
 27538 | D:13     | Noticed Nessos
 27542 | D:13     | Killed Nessos
 27660 | D:15     | Entered Level 15 of the Dungeon
 27694 | D:15     | Reached skill level 5 in Invocations
 27826 | D:15     | Noticed Josephine
 27833 | D:15     | Killed Josephine
 27833 | D:15     | Received a gift from Okawaru
 27913 | D:15     | Reached XP level 16. HP: 165/165 MP: 19/19
 27924 | D:15     | Reached skill level 21 in Fighting
 28260 | D:15     | Found an iron altar of Okawaru.
 28312 | D:15     | Found a staircase to the Depths.
 28980 | Shoals:1 | Entered Level 1 of the Shoals
 29075 | Shoals:1 | Found a transporter.
 29108 | Shoals:1 | Found a bloodstained altar of Trog.
 29158 | Shoals:1 | Found a transporter.
 29385 | Shoals:1 | Noticed Aizul
 29408 | Shoals:1 | Killed Aizul
 29700 | Shoals:1 | Identified the +9 flail of Ditay {drain, *Rage}
 29703 | Shoals:1 | Noticed Mionokh's ghost (adept HOMo)
 30100 | Shoals:1 | Noticed Jorgrun
 30110 | Shoals:1 | Killed Jorgrun
 30597 | Shoals:2 | Noticed Ilsuiw
 31141 | Shoals:2 | Received a gift from Okawaru
 31312 | Shoals:2 | Killed Ilsuiw
 31382 | Shoals:2 | Reached skill level 22 in Fighting
 32799 | Shoals:3 | Found Geruc's Weapon Shop.
 32905 | Shoals:3 | Noticed Donald
 32914 | Shoals:3 | Killed Donald
 32914 | Shoals:3 | Received a gift from Okawaru
 33476 | Shoals:4 | Entered Level 4 of the Shoals
 33482 | Shoals:4 | Noticed Louise
 33541 | Shoals:4 | Killed Louise
 33542 | Shoals:4 | Reached XP level 17. HP: 39/178 MP: 21/21
 34244 | Shoals:4 | Reached skill level 15 in Armour
 34258 | Shoals:4 | Identified the ring of Pocoroq {rF- rC+ Will+ Int+3 Dex+8}
 34416 | Shoals:4 | Reached skill level 23 in Fighting
 34661 | Shoals:4 | Identified the +5 dagger of the Smoking Saviour {protect,
                  | rF++ Dex-5}
 35931 | Shoals:4 | Got a barnacled rune of Zot
 35936 | Shoals:4 | Identified the +1 double sword of Freehold {venom, rF+
                  | Will- Str+3 Stlth+}
 36123 | Shoals:4 | Received a gift from Okawaru
 36826 | Snake:1  | Entered Level 1 of the Snake Pit
 38054 | Snake:2  | Reached skill level 24 in Fighting
 38140 | Snake:2  | Found Febukh's Jewellery Boutique.
 38240 | Snake:2  | Noticed Vashnia
 38249 | Arena    | Entered the Arena
 38258 | Arena    | Killed Vashnia
 39173 | Snake:2  | Reached XP level 18. HP: 176/192 MP: 20/22
 39264 | Snake:2  | Identified the +0 kite shield of the Date {-Cast rC+++ rN++
                  | Int-5} (Okawaru gifted it to you on level 2 of the Snake
                  | Pit)
 39264 | Snake:2  | Received a gift from Okawaru
 39678 | Snake:2  | Reached skill level 10 in Axes
 39755 | Snake:2  | Found Nuetz's Assorted Antiques.
 39872 | Snake:2  | Reached skill level 1 in Shields
 40608 | Snake:3  | Found a shadowy altar of Dithmenos.
 40635 | Snake:3  | Noticed Azrael
 40643 | Snake:3  | Killed Azrael
 40781 | Snake:3  | Found Veus Torgh's CLEARANCE SALE!.
 40907 | Snake:3  | Noticed Bai Suzhen
 40923 | Snake:3  | Killed Bai Suzhen
 41184 | Snake:3  | Noticed Kirke
 41199 | Snake:3  | Killed Kirke
 41395 | Snake:3  | Found Hut Ury's Assorted Antiques.
 41397 | Snake:3  | Found Xepamyke's General Store.
 41400 | Snake:3  | Found Woguhyne's Assorted Antiques.
 41411 | Snake:3  | Bought a glowing tower shield for 292 gold pieces
 42217 | Snake:4  | Entered Level 4 of the Snake Pit
 42227 | Snake:3  | HP: 9/192 [poisoned by a naga warrior (splash of poison)]
 42231 | Snake:3  | HP: 3/192 [poisoned by a naga warrior (splash of poison)]
 42234 | Snake:3  | HP: 1/192 [poisoned by a naga warrior (splash of poison)]
 42832 | Snake:4  | Reached skill level 5 in Shields
 42902 | Snake:4  | Received a gift from Okawaru
 43008 | Snake:4  | Reached skill level 25 in Fighting
 43454 | Snake:4  | Found a snail-covered altar of Cheibriados.
 44300 | Snake:3  | Upgraded the game from 0.28-a0-511-gcc94558de3 to
                  | 0.28-a0-514-g0d7ab7f379
 45003 | Snake:4  | Slain by a guardian serpent

Illustrated notes

Levels and vault maps discovered:
D:1:      dpeg_arrival_arbitrary_a, layout_basic
D:2:      layout_basic, minmay_tromino_v4_b
D:3:      layout_basic, lexackson_kobold_supper
D:4:      layout_basic, lemuel_mausoleum_altar_yredelemnul, marbit_many_paths,
          hellmonk_ghost_happy_afterlife, uniq_blork_the_orc
D:5:      layout_basic, mainiacjoe_overflow_24_doors, serial_shops, shop,
          nicolae_ossuary_entry_ruins, kennysheep_minor_cross
D:6:      layout_loops_ring, mainiacjoe_overflow_brackets,
          minmay_temple_entry_steel_oval, dk_vineyard_2, uniq_sigmund
D:7:      layout_basic, st_stairs_2, minmay_shop_mayhem,
          minmay_misc_feat_ornament
D:8:      layout_cave_pods, amethyst_overflow_temple_binary, uniq_pikel
D:9:      layout_loops_ring, nicolae_tso_swordbearing_angel,
          mainiacjoe_overflow_small_starburst, david_orc_5, serial_shops,
          kennysheep_little_box, serial_bayou_lagoon_a, uniq_maggie, uniq_joseph
D:10:     minmay_cut_squares, layout_rooms, overflow_temple_1_default
D:11:     minmay_the_grid_triangle_9x9_line_8_mashed
          [minmay_the_grid_triangle_9x9_wacky_v,
          minmay_the_grid_triangle_9x9_zippers_horizontal,
          minmay_the_grid_triangle_9x9_warning,
          minmay_the_grid_triangle_9x9_swiss_cheese,
          minmay_the_grid_triangle_9x9_thin_v,
          minmay_the_grid_triangle_9x9_subtriangle,
          minmay_the_grid_triangle_9x9_corruption,
          minmay_the_grid_triangle_9x9_prize_special], layout_small_grid,
          dpeg_lair_monsters
D:12:     layout_roguey, ebering_ghost_inner_flame, st_stairs_10
D:13:     lemuel_ice_spiral_2, layout_rooms, portal_ice_cave_demonic_guard,
          serial_shops, shop, uniq_nessos
D:14:     layout_loops_ring, david_vaults_5, hangedman_decor_peaks_small,
          kennysheep_treasure_room
D:15:     grunt_enter_depths_giant_problem, layout_basic, serial_park_square2,
          minmay_gold_behind_fungi, okawaru_ov_weapons_minmay, uniq_josephine
Temple:   nicolae_temple_figure_eight
Lair:1:   layout_cave_shapes, nzn_ghost_randoct, grunt_megastairs_1
Lair:2:   layout_long_grid, minmay_shoals_entry_beasts, beast_lair_carwin_7,
          grunt_megastairs_2, lemuel_fruit_tree, lemuel_fruit_fields,
          serial_bayou_shore_b
Lair:3:   layout_concentric_octagons, minmay_snake_entry_six_corridors,
          beast_lair_carwin_6
Lair:4:   layout_regular_city, serial_bayou_shore_b
Lair:5:   nzn_winding_woodlands_small
          [nzn_winding_woodlands_5x15_pathside_ponds,
          nzn_winding_woodlands_center_triple_pond,
          nzn_winding_woodlands_5x15_twine], layout_misc_corridors
Lair:6:   grunt_lair_end_beastmaster, layout_layer_cave, slime_dummy,
          fungi_pond_lemuel, chequers_serial_rivers_micro_a, uniq_urug
Shoals:1: layout_shoals, gammafunk_ghost_wrathful_warriors, uniq_jorgrun,
          uniq_aizul
Shoals:2: layout_shoals, nicolae_shoals_cliffside_cave, uniq_ilsuiw
Shoals:3: layout_shoals, nicolae_shoals_lost_giant_baths, nicolae_stop_n_shop_2,
          uniq_donald
Shoals:4: shoals_end_grunt_garden, layout_shoals, nicolae_shoals_this_corrosion,
          uniq_louise
Snake:1:  layout_rooms, nicolae_snake_guarding_the_ruins
Snake:2:  nicolae_cobra_stairs, layout_honeycomb, serial_shops,
          nicolae_shop_trees, shop_fountains, uniq_vashnia
Snake:3:  layout_chambers, basic_altar, nicolae_shop_clearance,
          minmay_shop_star, uniq_kirke, uniq_bai_suzhen, uniq_azrael
Snake:4:  johnstein_snake_rune_scales, layout_grid_shapes, basic_altar,
          st_stairs_8, grunt_ministairs_10, drop_trap, nicolae_snake_lava_pool
Orc:1:    layout_caves, uniq_maurice, uniq_harold
Orc:2:    grunt_orc_community_town_hall, layout_caves,
          grunt_orc_community_big_house_2, grunt_orc_community_big_house_2,
          grunt_orc_community_house_1, grunt_orc_community_house_2,
          grunt_orc_community_house_1, grunt_orc_community_house_1,
          grunt_orc_community_house_3

Skill      XL: |  1  2  3  4  5  6  7  8  9 10 11 12 13 14 15 16 17 18 |
---------------+-------------------------------------------------------+-----
Armour         | 1 2 3 4 5 7 8 10 11 14 17 | 17.8
Fighting       | 3 4 5 6 7 9 10 12 13 14 17 20 22 24 25 | 25.4
Bows           | 1 2 4 5 6 8 10 12 14 16 18 20 | 20.0
Axes           | 3 7 9 12 | 12.5
Invocations    | 5 7 |  7.0
Shields        | 7 |  7.7
Slings         | |  4.6
Dodging        | |  2.1
Stealth        | |  0.7

Action                   |  1- 3 |  4- 6 |  7- 9 | 10-12 | 13-15 | 16-18 || total
-------------------------+-------+-------+-------+-------+-------+-------++-------
Melee: Morningstar       |       |       |     3 |       |       |       ||     3
       Headbutt          |       |       |     1 |     7 |     5 |     1 ||    14
       War axe           |       |       |       |    16 |    12 |     1 ||    29
       Longbow           |       |       |       |     2 |       |       ||     2
 Fire: Hunting sling     |    28 |       |    74 |       |       |       ||   102
       Longbow           |    36 |    76 |   187 |   488 |  1274 |  1619 ||  3680
Invok: Heroism           |       |       |       |       |     2 |     2 ||     4
       Finesse           |       |       |       |       |     1 |     2 ||     3
       Duel              |       |       |       |       |       |     1 ||     1
  Use: Scroll            |     2 |     3 |    11 |     4 |    12 |     6 ||    38
       Potion            |       |       |     1 |     1 |     5 |     3 ||    10
Armor: Leather armour    |     3 |     9 |    11 |       |       |       ||    23
       Chain mail        |       |       |    18 |     1 |       |       ||    19
       Plate armour      |       |       |       |   171 |   241 |   341 ||   753
Dodge: Dodged            |     7 |     9 |    61 |    81 |    98 |   207 ||   463
Block: Other             |       |       |       |     1 |    73 |    13 ||    87
       Reflection        |       |       |       |       |     5 |     6 ||    11

Table legend: (Time is in decaauts)
 A = Elapsed time spent in this place.
 B = Non-inter-level travel time spent in this place.
 C = Inter-level travel time spent in this place.
 D = Time resting spent in this place.
 E = Time spent auto-exploring this place.
 F = Levels seen in this place.
 G = Mean time per level.
                   A        B        C        D        E       F      G
               +--------+--------+--------+--------+--------+-----+--------+
         Total |  44331 |  42290 |   2041 |   6754 |  28419 |  34 | 1303.9 |
       Dungeon |  18050 |  17053 |    997 |   2395 |  11678 |  15 | 1203.3 |
        Temple |     81 |     71 |     10 |      0 |     66 |   1 |   81.0 |
          Lair |   7933 |   7539 |    394 |   1227 |   5036 |   6 | 1322.2 |
        Shoals |   7580 |   7350 |    230 |    854 |   5600 |   4 | 1895.0 |
     Snake Pit |   7864 |   7623 |    241 |   1767 |   4656 |   4 | 1966.0 |
  Orcish Mines |   2556 |   2389 |    167 |    510 |   1352 |   2 | 1278.0 |
       Ossuary |    224 |    224 |      0 |      0 |      0 |   1 |  224.0 |
         Arena |     40 |     40 |      0 |      0 |     30 |   1 |   40.0 |
               +--------+--------+--------+--------+--------+-----+--------+

Top non-repeatable levels by time:
Shoals:4: 3140 daAuts
 Snake:3: 2785 daAuts
    D:11: 2267 daAuts
 Snake:2: 2219 daAuts
     D:9: 2049 daAuts
    D:10: 2009 daAuts
Shoals:1: 1747 daAuts
 Snake:4: 1679 daAuts
   Orc:2: 1625 daAuts
Shoals:2: 1602 daAuts
     D:5: 1597 daAuts
  Lair:2: 1580 daAuts
  Lair:4: 1471 daAuts
  Lair:6: 1352 daAuts
  Lair:5: 1258 daAuts
